Cogmind - Beta 11.1 @@@ ROGUE MODE // 2022.05.28 @ 19:01:59 Player: Exp. Geonium Core Result: Destroyed by 8R-AWN with 8R-AWN's Boregun Performance ------------- Evolutions (0) 0 Regions Visited (3) 600 Robots Destroyed (17) 85 Value Destroyed (417) 417 Prototype IDs (23) 460 Alien Tech Used (0) 0 Bonus (162) 162 TOTAL SCORE: 1724 Bonus ------- Aligned with FarCom 300 Friendly Fire -138 Cogmind --------- Core Integrity 0/250 Matter 300/300 Energy 96/100 System Corruption 3% Temperature Cool (2) Movement Walking (120) Location -10/Exiles Parts ------- > --- POWER (1) -------- (None) > --- PROPULSION (2) --- Aluminum Leg Aluminum Leg > --- UTILITY (2) ------ Large Storage Unit > --- WEAPON (2) ------- (None) > --- INVENTORY (15) --- Light Ion Engine Light Nuclear Core Light Treads Aluminum Leg High-capacity Matter Pod (137) Advanced Transmission Jammer EX Chip 1 EX Chip 1 EX Chip 1 EX Chip 2 EX Chip 2 Small Laser Latent Energy Streamer Grenade Launcher Grenade Launcher Peak State ------------ > --- POWER ------------ Light Nuclear Core > --- PROPULSION ------- Light Treads Light Treads > --- UTILITY ---------- Large Storage Unit Targeting Computer > --- WEAPON ----------- Latent Energy Streamer Grenade Launcher > --- INVENTORY -------- Light Ion Engine Aluminum Leg Aluminum Leg Aluminum Leg Small Storage Unit High-capacity Matter Pod Targeting Computer Targeting Computer Targeting Computer Targeting Computer Small Laser Grenade Launcher [Rating: 19] Favorites ----------- Power Light Ion Engine Engine Light Ion Engine Power Core Light Nuclear Core Propulsion Light Treads Treads Light Treads Leg Aluminum Leg Utility Large Storage Unit Device Terrain Scanner Storage Large Storage Unit Processor Targeting Computer Weapon Small Laser Energy Gun Small Laser Energy Cannon Latent Energy Streamer Ballistic Gun Light Assault Rifle Launcher Grenade Launcher Build | -11 -10 -10 -10 ------- Run | Scr Mat Min Exi Slots Evolved . | . . . . Power . | . . . . Propulsion . | . . . . Utility . | . . . . Weapon . | . . . . Parts Attached 16 | . 11 . 5 Power 2 | . 1 . 1 Engine 1 | . 1 . . Core 1 | . . . 1 Reactor . | . . . . Propulsion 5 | . 3 . 2 Treads 3 | . 3 . . Leg 2 | . . . 2 Wheel . | . . . . Hover . | . . . . Flight . | . . . . Utility 3 | . 3 . . Device 1 | . 1 . . Storage 1 | . 1 . . Processor 1 | . 1 . . Hackware . | . . . . Protection . | . . . . Artifact . | . . . . Weapon 6 | . 4 . 2 Energy Gun 3 | . 3 . . Energy Cannon 1 | . . . 1 Ballistic Gun . | . . . . Ballistic Cannon . | . . . . Launcher 2 | . 1 . 1 Special Weapon . | . . . . Impact Weapon . | . . . . Slashing Weapon . | . . . . Piercing Weapon . | . . . . Special Melee Weapon . | . . . . Unidentified Prototypes . | . . . . Parts Lost 7 | . 7 . . Power 1 | . 1 . . Propulsion 2 | . 2 . . Utility . | . . . . Weapon 4 | . 4 . . Highest Loss Streak 3 | . 3 . . To Critical Strikes . | . . . . Average Slot Usage (%) 92 | . 93 100 89 Engine 9 | . 9 14 8 Treads 18 | . 15 28 22 Leg 9 | . 12 . 5 Device 6 | . 11 . . Storage 14 | . 14 14 14 Processor 6 | . 2 14 12 Energy Gun 12 | . 14 14 8 Ballistic Gun 3 | . 6 . . Launcher 8 | . 6 14 11 Naked Turns . | . . . . Heaviest Build 38 | 11 28 27 38 Greatest Support 40 | 20 40 40 40 Greatest Overweight (x) 1 | . 1 . . Average Overweight (x) . | . . . . Largest Inventory Capacity 15 | 8 15 15 15 Average Capacity 14 | 8 14 15 15 Most Carried 15 | 6 15 15 15 Average Carried 11 | 6 8 15 14 Final Capacity 15 | 8 15 15 15 Final Carried 15 | 6 15 15 15 Class Distribution -------------------- 100% | Mutant Dominant Class ---------------- Mutant | -10/Materials Mutant | -10/Mines Mutant | -10/Exiles Resources | -11 -10 -10 -10 ----------- Run | Scr Mat Min Exi Matter Collected 541 | 200 247 29 65 Remotely . | . . . . Salvage Created 485 | . 485 . . Parts 39 | . 39 . . Haulers Intercepted 1 | . 1 . . Recyclers Shooed 2 | . 2 . . Parts Field Recycled . | . . . . Retrieved Matter . | . . . . Parts Self-Destructed . | . . . . Prevented . | . . . . Kills | -11 -10 -10 -10 ------- Run | Scr Mat Min Exi Combat Hostiles Destroyed 12 | . 12 . . Guns 6 | . 6 . . AOE 6 | . 6 . . Classes Destroyed 5 | . 5 . . Builder 1 | . 1 . . Hauler 1 | . 1 . . Watcher 3 | . 3 . . Swarmer 3 | . 3 . . Grunt 9 | . 9 . . Best Kill Streak 4 | . 4 . . Combat Bots Only 3 | . 3 . . Max Kills in Single Turn 3 | . 3 . . Gunslinging . | . . . . Exploded 3 | . 3 . . Melee . | . . . . Uniques/NPCs Destroyed 2 | . . . 2 EX-DEC (-10/Exiles) EX-HEX (-10/Exiles) Combat | -11 -10 -10 -10 -------- Run | Scr Mat Min Exi Damage Taken 1105 | . 776 . 329 Core 253 | . 96 . 157 Absorbed by Shields . | . . . . Core Remaining (%) 100 | 100 . . . Volleys Fired 57 | . 53 2 2 Largest 2 | . 2 1 1 Hottest 80 | . 80 40 60 Shots Fired 78 | . 74 2 2 Gun 72 | . 70 2 . Cannon 1 | . . . 1 Launcher 5 | . 4 . 1 Special . | . . . . Kinetic 24 | . 24 . . Thermal 35 | . 33 2 . Explosive 5 | . 4 . 1 Electromagnetic 14 | . 13 . 1 Robot Hit Streak 19 | . 19 1 2 Robot Miss Streak 3 | . 3 1 . Penetration Max . | . . . . Secondary Targets . | . . . . Shots Hit Robots 61 | . 59 1 1 Core Hits 34 | . 34 . . Critical Kills . | . . . . Critical Parts Destroyed . | . . . . Critical Strikes . | . . . . Melee Attacks . | . . . . Impact . | . . . . Slashing . | . . . . Piercing . | . . . . Sneak Attacks . | . . . . Combat Hostiles . | . . . . Follow-up Attacks . | . . . . Damage Inflicted 1140 | . 1075 12 53 Guns 636 | . 624 12 . Cannons . | . . . . Explosions 492 | . 439 . 53 Melee . | . . . . Ramming 12 | . 12 . . Kinetic 158 | . 158 . . Thermal 438 | . 426 12 . Explosive 388 | . 342 . 46 Electromagnetic 144 | . 137 . 7 Impact . | . . . . Slashing . | . . . . Piercing . | . . . . Highest Corruption 3 | . . . 3 Average Corruption 3 | . . . 3 Corruption Purged . | . . . . Corruption Blocked . | . . . . Effects 1 | . . . 1 Message Errors 1 | . . . 1 Overload Shots . | . . . . Overflow Damage . | . . . . Projectiles . | . . . . Explosions . | . . . . Melee . | . . . . Knockbacks . | . . . . Impact . | . . . . Kinetic . | . . . . Secondary . | . . . . Self-Inflicted Damage 56 | . 56 . . Shots 2 | . 2 . . Rammed 1 | . 1 . . Targets Rammed 1 | . 1 . . Kicked . | . . . . Crushed . | . . . . Highest Temperature 76 | . 76 . 24 Average Temperature 20 | . 20 . 14 Received Heat Transfer 339 | . 339 . . Siege Activations . | . . . . Robots Corrupted . | . . . . Combat Hostiles . | . . . . Parts Fried . | . . . . Impact Corruptions . | . . . . Robots Melted . | . . . . Combat Hostiles . | . . . . Parts Melted 1 | . 1 . . Heat Transferred 925 | . 900 25 . Parts Sabotaged . | . . . . Parts Stolen . | . . . . Parts Stripped . | . . . . Power Chain Reactions 1 | . 1 . . Missiles Intercepted . | . . . . Latent Energy Used 200 | . . . 200 LE Corruption 3 | . . . 3 Alert | -11 -10 -10 -10 ------- Run | Scr Mat Min Exi Peak Influence 345 | . 345 75 . Initial 75 | . . 75 . Average 140 | . 153 75 . Maximum Alert Level 1 | . 1 . . Low Security (%) 74 | 100 69 100 . Level 1 25 | . 30 . . Level 2 . | . . . . Level 3 . | . . . . Level 4 . | . . . . Level 5 . | . . . . High Security . | . . . . Max Security . | . . . . Squads Dispatched 2 | . 2 . . Investigation 2 | . 2 . . Extermination . | . . . . Reinforcement . | . . . . Assault . | . . . . Garrison . | . . . . Intercept . | . . . . Searches Triggered . | . . . . Construction Impeded . | . . . . Haulers Reinforced . | . . . . Active Scanning Responses . | . . . . Cargo Convoy Interrupts . | . . . . Stealth | -11 -10 -10 -10 --------- Run | Scr Mat Min Exi Distress Signals 1 | . 1 . . Communications Jammed . | . . . . Distress Signals . | . . . . Times Spotted 27 | . 19 . 8 Peak Tracking Total 9 | . 4 . 9 Tactical Retreats . | . . . . Traps | -11 -10 -10 -10 ------- Run | Scr Mat Min Exi Traps Triggered 1 | . 1 . . Indirectly . | . . . . Trap Hack Attempts . | . . . . Triggered . | . . . . Disarmed . | . . . . Reprogrammed . | . . . . Reused . | . . . . Traps Extracted . | . . . . Installed . | . . . . Triggered 1 | . 1 . . Machines | -11 -10 -10 -10 ---------- Run | Scr Mat Min Exi Machines Disabled 5 | . 1 . 4 Max in Single Turn 1 | . 1 . 1 Machines Sabotaged . | . . . . Garrisons Compromised . | . . . . Overloaded Fab Kills . | . . . . Hacking | -11 -10 -10 -10 --------- Run | Scr Mat Min Exi Machines Accessed 4 | . 3 . 1 Terminals 3 | . 3 . . Fabricators . | . . . . Repair Stations . | . . . . Recycling Units . | . . . . Scanalyzers . | . . . . Garrison Access . | . . . . Total Hacks 9 | . 8 . 1 Successful 6 | . 5 . 1 Failed 3 | . 3 . . Catastrophic . | . . . . Database Lockouts . | . . . . Manual 8 | . 7 . 1 Terminals 8 | . 8 . . Fabricators . | . . . . Repair Stations . | . . . . Recycling Units . | . . . . Scanalyzers . | . . . . Garrison Access . | . . . . Terminal Hacks 2 | . 1 . 1 Robot Analysis 1 | . 1 . . EX-Prototype ID Bank 1 | . . . 1 Fabricator Hacks . | . . . . Repair Station Hacks . | . . . . Recycling Unit Hacks . | . . . . Scanalyzer . | . . . . Garrison Access Hacks . | . . . . Unauthorized Hacks 4 | . 4 . . Terminals 4 | . 4 . . Track 1 | . 1 . . Botnet 2 | . 2 . . Operators 1 | . 1 . . Fabricators . | . . . . Repair Stations . | . . . . Recycling Units . | . . . . Scanalyzers . | . . . . Garrison Access . | . . . . Data Cores Recovered . | . . . . Used . | . . . . Hacking Detections 3 | . 3 . . Full Trace Events 1 | . 1 . . Feedback Events . | . . . . Feedback Blocked . | . . . . Robot Schematics Acquired . | . . . . Robots Built . | . . . . Authchips . | . . . . Time . | . . . . Total Robot Build Rating . | . . . . Part Schematics Acquired . | . . . . Parts Built . | . . . . Authchips . | . . . . Time . | . . . . Total Part Build Rating . | . . . . Parts Repaired . | . . . . Time . | . . . . Parts Recycled . | . . . . Recycled Matter . | . . . . Retrieved Matter . | . . . . Retrieved Components . | . . . . Parts Scanalyzed . | . . . . Part Schematics Acquired . | . . . . Parts Damaged . | . . . . Bothacking | -11 -10 -10 -10 ------------ Run | Scr Mat Min Exi Used RIF Installer . | . . . . Robots Hacked . | . . . . Non-combat . | . . . . Combat . | . . . . Robot Hacks Applied . | . . . . Relay Couplers Released . | . . . . Fabnet Peak Effective % . | . . . . Robots Rewired . | . . . . Allies Hacked . | . . . . Hacks Repelled . | . . . . Allies | -11 -10 -10 -10 -------- Run | Scr Mat Min Exi Total Allies 2 | . . 2 . Largest Group 2 | . . 2 1 Highest-Rated Group 43 | . . 43 31 Highest-Rated Ally 31 | . . 31 31 Total Orders . | . . . . Ally Attacks 44 | . . . 44 Total Damage 2159 | . . . 2159 Kills 10 | . . . 10 Allies Corrupted . | . . . . Allies Melted . | . . . . Turrets Deployed 4 | . . . 4 Intel | -11 -10 -10 -10 ------- Run | Scr Mat Min Exi Robot Analysis Total 1 | . 1 . . Derelict Logs Recovered . | . . . . Drone Launches . | . . . . Drone Recoveries . | . . . . Exploration | -11 -10 -10 -10 ------------- Run | Scr Mat Min Exi Turns Passed 1575 | 6 906 177 486 Spaces Moved 853 | 6 446 109 292 Core . | . . . . Treads 593 | . 267 109 217 Legs 260 | 6 179 . 75 Wheels . | . . . . Hover . | . . . . Flight . | . . . . Fastest Speed 120 | 120 120 160 120 Average Speed 160 | 120 167 160 149 Slowest Speed 240 | 120 240 160 160 Overloaded Moves . | . . . . Propulsion Burnouts . | . . . . Robots Hopped . | . . . . Cave-ins Triggered . | . . . . Exploration Rate (%) 44 | 2 75 35 64 Regions Visited 3 Branch Regions 2 Pre-discovered Areas . | . . . . Known Exits Taken . | . . . . Unknown Exits Taken 3 | 1 1 1 . Scrap Searched 1 | . . 1 . Spaces Dug . | . . . . Terrain Destroyed 37 | . 32 . 5 Melee . | . . . . Projectile . | . . . . AOE 37 | . 32 . 5 Terrain Rammed . | . . . . Walls Destroyed . | . . . . Machines Disabled . | . . . . Actions | -11 -10 -10 -10 --------- Run | Scr Mat Min Exi Total 993 | 5 531 110 347 Wait 25 | . 7 . 18 Move 850 | 5 445 108 292 Hop . | . . . . Pick Up 24 | . 13 . 11 Fast Attach 4 | . 4 . . Attach 6 | . 5 . 1 Detach 4 | . . . 4 Swap 6 | . 2 . 4 Drop 16 | . 1 . 15 Fire 57 | . 53 2 2 Melee . | . . . . Ram . | . . . . Kick . | . . . . Crush 1 | . 1 . . Escape Stasis . | . . . . Rewire . | . . . . Trap . | . . . . Miscellaneous . | . . . . Route ------- -11/Scrapyard -10/Materials (discovered 4 exits: [*Mat x3] / [*Min]) -10/Mines (discovered 2 exits: [*Mat] / *Exi) -10/Exiles (discovered 1 exit: [*Min]) History --------- Turn | Location | Event 1 | -11/Scrapyard | Discovered new exit (range 2) 7 | -11/Scrapyard | Entered Materials 206 | -10/Materials | Discovered new exit (range 14) 286 | -10/Materials | Discovered new exit (range 16) 308 | -10/Materials | Build established: Mutant 431 | -10/Materials | Lost 3 parts (1n2w) 639 | -10/Materials | Discovered new exit (range 10) 733 | -10/Materials | Discovered new exit (range 5) 913 | -10/Materials | Entered Mines 1055 | -10/Mines | Discovered new exit (range 11) 1084 | -10/Mines | Deemed a non-threat by the Exiles lab entrance 1084 | -10/Mines | Discovered new exit (range 5) 1090 | -10/Mines | Entered Exiles 1090 | -10/Exiles | Accompanied by 1 ally 1111 | -10/Exiles | Discovered new exit (range 15) 1120 | -10/Exiles | Led the pair of lost Derelicts to a safe place 1130 | -10/Exiles | Met 8R-AWN 1156 | -10/Exiles | Met EX-HEX 1199 | -10/Exiles | Met EX-BIN 1218 | -10/Exiles | Aligned with FarCom system 1220 | -10/Exiles | Given EX-Vault access code 1258 | -10/Exiles | Opened EX-Vault 1268 | -10/Exiles | Found Deploy-a-Sentry 1271 | -10/Exiles | Found Deploy-a-Sentry 1273 | -10/Exiles | Found Deploy-a-Sentry 1278 | -10/Exiles | Found Latent Energy Streamer 1311 | -10/Exiles | Warned to stay clear of 0b10 Research branches 1354 | -10/Exiles | Met EX-DEC 1368 | -10/Exiles | DAS Turret deployed 1372 | -10/Exiles | DAS Turret deployed 1376 | -10/Exiles | DAS Turret deployed 1400 | -10/Exiles | Attacked by the Exiles 1400 | -10/Exiles | Allies destroyed EX-DEC 1415 | -10/Exiles | Allies destroyed EX-HEX 1417 | -10/Exiles | Found Deploy-a-Sentry 1439 | -10/Exiles | DAS Turret deployed 1492 | -10/Exiles | Core integrity fell below 50% 1554 | -10/Exiles | Core integrity fell below 20% 1576 | -10/Exiles | Destroyed by 8R-AWN with 8R-AWN's Boregun Last Messages --------------- 01529_ HV Slug penetrates Machine. 01529_ Machine disabled. 01530_ Discarded Targeting Computer. 01547_ Penetrated by HV Slug. 01547_ HV Slug penetrates Machine. 01553_ Penetrated by HV Slug. 01553_ HV Slug penetrates Machine. 01553_ HV Slug penetrates Wall. 01553_ HV Slug penetrates Machine. 01553_ Machine disabled. 01554_ Acquired 1 matter. 01558_ Penetrated by HV Slug. 01558_ HV Slug penetrates Machine. 01558_ Penetrated by HV Slug. 01558_ HV Slug penetrates Machine. 01562_ Penetrated by HV Slug. 01576_ HV Slug penetrates Wall. 01576_ HV Slug penetrates Machine. 01576_ Machine disabled. 01576_ Penetrated by HV Slug. Map ----- +----------------------------------------------------+ | ?????????????????????????????????????????????????? | | ?????????????????????????????????????????????????# | | ?????????????????????????????????????????????????" | | ????????????????????????????????????????????????"" | | ???????????????????????????????????????????????#"" | | ???????????????????????????????????????????????#" | | ???????????????????????????????????????????????#" | | ???????????????????????????????????????????????#"" | | ????????????????????????????????????????????????#" | | ?????????????????????????????????????????????????? | | ?????????????????????????????????????????????????? | | ?????????????????????????????????????????????????? | | ??????????????????????####???????????????????????? | | ??????????????????????#!!!???????????????????????? | | ??????????????????????# ??????????????????????? | | ?????????????? ???????# ??????????????????????? | | ????????????? ?????## "??????????????????????? | | ????????????? ##??#" "??????????????????????? | | ???????????? ##" "??????????????????????? | | ????????????? #"" #??????????????????????? | | ?????????????? #??????????????????????? | | ??????????????# ##?????????????? ?????? | | ???????????????## #????????????? "????? | | ????????????????" ###???????????" "????? | | ????????????????? ##??????????# #????? | | ??????????????????????#""@ ######???### ###?## | | ??????????????????????##" """#####X# #"###" | | ???????????????????????#" """"" | | ???????????????????????#"# "" "" | | ???????????????????????#### " " | | ??????????????????????????### | | ????????????????????????????### | | ??????????????????????????????## | | ???????????????????????????????## | | ????????????????????????????????##" | | ????????????????????????????????## " | | ????????????????????????????????#" | | ???????????????????????????????##" !! " | | ???????????????????????????????# " !!""" | | ???????????????????????????????# ""# | | ???????????????????????????????# ! "# | | ???????????????????????????????#! "# | | ???????????????????????????????# | | ??????????????????????????????## % | | ??????????????????????????????# " | | ??????????????????????????????###"""" %% | | ????????????????????????????????## | | ?????????????????????????????????#" | | ?????????????????????????????????#"" % | | ?????????????????????????????????#" | +----------------------------------------------------+ Best States ------------- Heat Dissipation 25 Energy Generation 14 Energy Capacity 160 Matter Stores 300 Matter Capacity 300 Sight Range 16 Terrain Scan Range 14 Terrain Scan Density 10 Evasion (%) 55 Targeting Accuracy 5 Recoil Reduction 2 Item Schematics ----------------- None Robot Schematics ------------------ None Fabricated ------------ Nothing Alien Tech Used ----------------- None Achievements -------------- None Challenges ------------ None Game ------ Seed AlertResetEngine Manual? 0 Play Time 00:14:47 Cumulative 166.8 hours Start 2022.05.28 @ 18:47:22 End 2022.05.28 @ 19:01:59 Sessions 1 Manual Loads 0 Difficulty Rogue Special Mode None Game No. 252 Rogue 252 Adventurer 0 Explorer 0 Win Type - Total 9 Types 7/0/1/1/0/0/0/0/0 Lore% 52 Gallery% 75 Achievement% 64 Wizard Run 0 Options --------- ASCII 0 Keyboard 0 Movement Numpad Keybinds 0 Fullscreen 1 Font 18/Terminus Map View 76x50 Tactical HUD 1 Map Filters NONE Filters NONE Steam 1 RUN: 936f1be2-ab60-4058-9c79-91d8bc7e7dcd